 Dungeon Crawl Stone Soup version 0.30-a0-721-ga6a225c (webtiles) character file.

Game seed: 5446072673216478495

234 malesh the Firebug (level 6, -3/47 HPs)
             Began as a Hill Orc Fire Elementalist on Jan 27, 2023.
             Slain by an orc wizard
             ... wielding a +0 hand axe
              (7 damage)
             ... on level 4 of the Dungeon.
             The game lasted 00:12:58 (3771 turns).

malesh the Firebug (Hill Orc Fire Elementalist)     Turns: 3771, Time: 00:12:59

Health: -3/47      AC:  3    Str: 17    XL:     6   Next: 5%
Magic:  5/10       EV: 12    Int: 17    God:
Gold:   209        SH:  0    Dex: 11    Spells: 5/11 levels left

rFire   . . .      SeeInvis .    a - +0 war axe
rCold   . . .      Faith    .    (no shield)
rNeg    . . .      Spirit   .    m - +0 robe
rPois   .          Reflect  .    (no helmet)
rElec   .          Harm     .    i - +0 cloak
rCorr   .          Rampage  .    (no gloves)
Will    .....                    (no boots)
Stlth   ++                       (no amulet)
HPRegen 0.27/turn                q - +6 ring of strength
MPRegen 0.12/turn                (no ring)

@: no status effects
A: no striking features
a: Convert to Beogh


You were on level 4 of the Dungeon.
You visited 1 branch of the dungeon, and saw 4 of its levels.

You collected 254 gold pieces.
You spent 45 gold pieces at shops.

Inventory:

Hand Weapons
 a - a +0 war axe (weapon)
Armour
 c - a +2 buckler
 i - a +0 cloak (worn)
 m - a +0 robe (worn)
Jewellery
 q - a +6 ring of strength (left hand)
Scrolls
 e - a scroll of amnesia {unknown}
 h - 3 scrolls of identify {unknown}
 k - a scroll of poison {unknown}
 l - a scroll of fear {unknown}
Potions
 b - a potion of magic
 d - 2 potions of lignification {unknown}
 f - a potion of ambrosia {unknown}
 g - 2 potions of cancellation
 j - a potion of might {unknown}
 n - a potion of resistance {unknown}
 o - a potion of brilliance {unknown}
 p - a potion of flight {unknown}
 r - a potion of curing {unknown}
 s - a potion of heal wounds {unknown}
 t - a potion of mutation {unknown}


   Skills:
 + Level 1.0 Fighting
 + Level 1.8 Axes
 + Level 2.1 Dodging
 - Level 1.5 Stealth
 + Level 3.0 Spellcasting
 + Level 2.0 Conjurations
 + Level 4.8 Fire Magic


You had 5 spell levels left.
You knew the following spells:

 Your Spells              Type           Power      Damage    Failure   Level
a - Foxfire               Conj/Fire      56%        2x1d6     4%          1
b - Scorch                Fire           38%        2d6       3%          2
c - Inner Flame           Hex/Fire       10%        N/A       19%         3

Your spell library contained the following spells:

 Spells                   Type           Power      Damage    Failure   Level
 Momentum Strike          Conj/Tloc      12%        3d8       17%         2
 Blink                    Tloc           4%         N/A       26%         2
 Lesser Beckoning         Tloc           4%         N/A       26%         2
 Sublimation of Blood     Necr           2%         N/A       26%         2
 Wereblood                Tmut           2%         N/A       26%         2
 Kindle Blastsparks       Fire/Tloc/Air  16%        2d11      26%         3
 Flame Wave               Conj/Fire      14%        2d6       38%         4
 Frozen Ramparts          Ice            4%         1d1       45%         3
 Ice Form                 Ice/Tmut       2%         N/A       86%         4
 Summon Ice Beast         Ice/Summ       2%         N/A       86%         4
 Summon Cactus Giant      Summ           1%         N/A       100%        6
 Summon Hydra             Summ           1%         N/A       100%        7


Dungeon Overview and Level Annotations

Branches:
Dungeon (4/15)
 Temple: D:4-7

Altars:
Gozag
Sif Muna
Yredelemnul
The Shining One

Shops:
D:2 (


Message History

An orc priest comes into view. It is wielding a +0 short sword.
Okay, then.
Okay, then.
Unknown command.
Casting: Foxfire (safe; 4% risk of failure)
Confirm with . or Enter, or press ? or * to list all spells.
Okay, then.
Unknown command.
Casting: Foxfire (safe; 4% risk of failure)
Confirm with . or Enter, or press ? or * to list all spells.
Aiming: Inner Flame (dangerous; 19% risk of failure)
Press: ? - help, Dir - move target, f - orc
Aim: an orc, wielding a +0 mace and wearing a +0 leather armour (severely wounded, chance to affect: 76%)
The orc is filled with an inner flame.
The orc priest threatens, "By the altar or by the axe, you will meet Beogh!" (press Y on the ability menu to convert to Beogh)
Something hits you.
* * * LOW HITPOINT WARNING * * *
The orc priest calls down the wrath of Beogh upon you.
Beogh smites you!
* * * LOW HITPOINT WARNING * * *
Casting: Inner Flame (dangerous; 19% risk of failure)
Confirm with . or Enter, or press ? or * to list all spells.
Okay, then.
Unknown command.
Casting: Inner Flame (dangerous; 19% risk of failure)
Confirm with . or Enter, or press ? or * to list all spells.
Flames lash the orc.
The orc priest shouts, "Surrender to Beogh and we'll let you live!"
The orc explodes!
The fiery explosion engulfs the orc!!
You kill the orc!
You hear a shout! x2; You hear an angry hiss.
Something barely misses you.
Your Spellcasting skill increases to level 3!
Unknown command.
You closely miss something. Something hits you.
* * * LOW HITPOINT WARNING * * *
It was a potion of cancellation.
You feel magically purged. Something hits you!
You die...

#.#... ###.#<... .........
.......o# ###############
.......o# #.......#.....#
........# #.......#.....#
....?))#######.......#.....#
#>.o§)§{@.'.......+.....#
#.#.#######.#####.......#
#+# #.#####.......#
#.##....###(..#
#.##.##...#....
#.##.#....#..#.
#......_.......
##..#....#.##..
#..#...##.##..


You could see an orc priest.

Vanquished Creatures
  A necrophage (D:4)
  An iguana (D:4)
  An orc wizard (D:4)
  3 adders
  2 white imps
  2 worms (D:3)
  3 dart slugs
  5 orcs
  4 ball pythons
  6 endoplasms
  2 giant cockroaches (D:3)
  6 goblins
  4 hobgoblins
  A jackal (D:2)
  3 quokkas
  6 bats
  2 frilled lizards
  5 kobolds
  8 rats
65 creatures vanquished.

Vanquished Creatures (others)
  166 foxfires
166 creatures vanquished.

Grand Total: 231 creatures vanquished

Notes
Turn   | Place    | Note
-------+----------+-------------------------------------------
     0 | D:1      | malesh the Hill Orc Fire Elementalist began the quest for
                  | the Orb.
     0 | D:1      | Reached XP level 1. HP: 14/14 MP: 3/3
   271 | D:1      | Found a faded altar of an unknown god.
   320 | D:1      | Reached XP level 2. HP: 20/20 MP: 2/4
   760 | D:1      | Learned a level 2 spell: Scorch
   878 | D:2      | Reached skill level 4 in Fire Magic
  1260 | D:2      | Reached XP level 3. HP: 14/26 MP: 1/5
  1765 | D:2      | Found Powabad's Weapon Emporium.
  2029 | D:2      | Bought a +0 war axe for 45 gold pieces
  2500 | D:3      | Reached XP level 4. HP: 33/33 MP: 4/7
  2529 | D:3      | Found an opulent altar of Gozag.
  2585 | D:3      | Found a basalt altar of Yredelemnul.
  2955 | D:3      | Learned a level 3 spell: Inner Flame
  3285 | D:4      | Reached skill level 1 in Axes
  3401 | D:4      | Reached XP level 5. HP: 39/39 MP: 1/8
  3542 | D:4      | Found a shimmering blue altar of Sif Muna.
  3601 | D:4      | Found a glowing golden altar of the Shining One.
  3623 | D:4      | Reached XP level 6. HP: 31/46 MP: 0/10
  3628 | D:4      | Reached skill level 1 in Fighting
  3771 | D:4      | Slain by an orc wizard

Illustrated notes

Levels and vault maps discovered:
D:1:      elethiomel_arrival_infinity_welcomes_careful_drivers, layout_basic,
          basic_ecumenical_altar, chequers_serial_rivers_small_a,
          minmay_misc_feat_pillars
D:2:      minmay_alternating_diamond, layout_loops_ring, serial_shops, shop,
          fountainhead, hangedman_abyss_or_decor_stabs
D:3:      layout_basic, lemuel_doored_altar,
          mainiacjoe_overflow_small_starburst, minivault_4, minmay_surrounded
D:4:      layout_basic, led_sif_pool, nicolae_overflow_crystal_walls

Skill      XL: |  1  2  3  4  5  6 |
---------------+-------------------+-----
Fire Magic     | 4 |  4.8
Spellcasting   | 2 3 |  3.0
Axes           | 1 |  1.8
Dodging        | 2 |  2.1
Conjurations   | 2 |  2.0
Fighting       | 1 |  1.0
Stealth        | |  1.5

Action                     |  1- 3 |  4- 6 || total
---------------------------+-------+-------++-------
  Melee: Unarmed           |    31 |       ||    31
         War axe           |     7 |    33 ||    40
   Cast: Foxfire           |    76 |    21 ||    97
         Scorch            |    10 |    15 ||    25
         Inner Flame       |       |     1 ||     1
    Use: Potion            |       |     1 ||     1
 Armour: Robe              |     7 |     3 ||    10
  Dodge: Dodged            |    43 |    34 ||    77
  Block: Buckler           |     4 |       ||     4

Table legend: (Time is in decaauts)
 A = Elapsed time spent in this place.
 B = Non-inter-level travel time spent in this place.
 C = Inter-level travel time spent in this place.
 D = Time resting spent in this place.
 E = Time spent auto-exploring this place.
 F = Levels seen in this place.
 G = Mean time per level.
                   A        B        C        D        E       F      G
               +--------+--------+--------+--------+--------+-----+--------+
         Total |   3792 |   3678 |    114 |    208 |   2710 |   4 |  948.0 |
       Dungeon |   3792 |   3678 |    114 |    208 |   2710 |   4 |  948.0 |
               +--------+--------+--------+--------+--------+-----+--------+

Top non-repeatable levels by time:
     D:2: 1392 daAuts
     D:1: 948 daAuts
     D:3: 934 daAuts
     D:4: 517 daAuts
